Map: Old Republic LE

Players

ShoWTimE - Winner!

  • Race: Protoss Protoss
  • League: Master
  • Spawn Location: 1:00

SKillous

  • Race: Protoss Protoss
  • League: Master
  • Spawn Location: 7:00

VOD

Have the link to the VOD?

Description

Time

  • Played on: Jan. 31, 2026, 1:15 p.m.
  • Length: 8:25
Show
View Real Time Build Order
Export as new Build Order

ShoWTimE Protoss - Winner!

Build Orders: Phoenix Opening, Blink Stalkers, Zealot Archon 

Get SALT Encoding   

  12  0:00  Probe  
  13  0:12  Probe  
  14  0:16  Pylon  
  14  0:23  Probe  
  15  0:31  Probe  
  15  0:36  Gateway  
  15  0:39  Probe  
  16  0:45  Assimilator  
  17  0:50  Probe  
  17  0:53  Assimilator  
  18  0:59  Probe  
  19  1:05  Gateway  
  19  1:07  Probe  
  19  1:17  Probe  
  20  1:23  Cybernetics Core  
  21  1:29  Probe  
  22  1:32  Pylon  
  22  1:41  Probe  
  23  1:53  Probe  
  24  1:59  Sentry, Warp Gate  
  28  2:11  Stalker  
  28  2:12  Probe  
  28  2:14  Pylon  
  29  2:23  Pylon  
  29  2:27  Sentry  
  31  2:30  Probe  
  31  2:35  Phoenix  
  32  2:38  Probe  
  32  2:41  Nexus  
  33  2:46  Probe  
  34  2:53  Twilight Council  
  34  2:59  Probe, Sentry  
  37  3:07  Pylon  
  37  3:11  Probe  
  38  3:13  Blink  
  38  3:20  Probe  
  38  3:26  Phoenix  
  41  3:28  Probe  
  40  3:37  Probe  
  41  3:47  Adept x2  
  45  3:49  Probe  
  45  3:53  Probe  
  47  4:01  Probe  
  48  4:06  Probe  
  49  4:10  Phoenix  
  49  4:13  Probe  
  48  4:17  Nexus  
  48  4:18  Stalker x2  
  48  4:23  Probe  
  53  4:29  Probe, Pylon  
  54  4:33  Assimilator  
  54  4:35  Probe  
  55  4:39  Robotics Facility  
  55  4:41  Probe, Stalker  
  58  4:46  Forge  
  58  4:47  Probe  
  59  4:53  Probe  
  59  4:59  Stalker  
  63  5:00  Probe  
  63  5:04  Phoenix  
  63  5:05  Gateway  
  63  5:06  Probe  
  64  5:08  Gateway, Probe  
  64  5:10  Pylon, Protoss Ground Weapons Level 1  
  65  5:16  Probe  
  65  5:18  Probe  
  67  5:21  Charge  
  67  5:25  Probe  
  67  5:28  Probe  
  68  5:29  Phoenix  
  68  5:30  Probe  
  68  5:33  Probe  
  70  5:36  Probe  
  70  5:37  Gateway  
  70  5:40  Observer  
  70  5:41  Probe  
  73  5:43  Probe  
  73  5:46  Probe  
  73  5:47  Gateway  
  76  5:51  Immortal  
  78  5:58  Pylon  
  78  6:00  Gateway  
  78  6:02  Gateway  
  81  6:07  Phoenix  
  81  6:11  Templar Archives  
  80  6:14  Gateway x2  
  80  6:18  Stalker x2  
  80  6:19  Zealot x2  
  80  6:21  Immortal  
  80  6:22  Phoenix  
  88  6:26  Pylon  
  92  6:37  Pylon  
  92  6:39  Pylon  
  92  6:43  Zealot x4  
  92  6:45  Zealot x2  
  104  6:49  Phoenix  
  104  6:54  Pylon  
  104  6:55  Pylon, High Templar  
  104  6:57  High Templar  
  104  7:00  Shield Battery  
  108  7:02  Archon  
  108  7:03  Pylon  
  108  7:05  Warp Prism  
  108  7:10  Zealot x6  
  120  7:18  Zealot  
  120  7:21  Zealot  
  126  7:28  Pylon  
  126  7:32  Zealot x4  
  126  7:33  Zealot  
  126  7:35  Zealot  
  138  7:38  Zealot x2  
  138  7:40  Zealot  
  140  7:56  Zealot x5  
  140  7:57  Zealot x2  
  132  8:10  Zealot x3  
Show
View Real Time Build Order
Export as new Build Order

SKillous Protoss 

Build Orders: Phoenix Opening, Blink Stalkers 

Get SALT Encoding   

  12  0:00  Probe  
  13  0:12  Probe  
  14  0:16  Pylon  
  14  0:23  Probe  
  15  0:31  Probe  
  16  0:36  Gateway  
  16  0:39  Probe  
  16  0:45  Assimilator  
  17  0:50  Probe  
  17  0:53  Assimilator  
  18  0:59  Probe  
  19  1:06  Gateway  
  19  1:07  Probe  
  20  1:17  Probe  
  20  1:23  Cybernetics Core  
  21  1:29  Probe  
  21  1:32  Pylon  
  22  1:41  Probe  
  23  1:53  Probe  
  24  1:58  Stalker  
  24  1:59  Sentry  
  24  2:00  Warp Gate  
  28  2:05  Probe  
  29  2:11  Pylon  
  29  2:17  Probe  
  30  2:23  Pylon  
  30  2:29  Probe  
  30  2:34  Phoenix  
  32  2:40  Nexus  
  32  2:42  Probe  
  31  2:45  Sentry  
  31  2:48  Sentry  
  35  2:54  Probe  
  36  2:59  Shield Battery  
  36  3:08  Twilight Council  
  36  3:10  Probe  
  37  3:15  Pylon  
  37  3:22  Probe  
  38  3:34  Probe  
  38  3:35  Blink  
  39  3:46  Probe  
  40  3:48  Adept x2  
  40  3:50  Probe  
  40  3:54  Probe  
  45  3:58  Robotics Facility, Probe  
  45  4:02  Probe  
  47  4:06  Probe  
  47  4:17  Probe  
  47  4:23  Nexus  
  48  4:25  Probe  
  48  4:29  Probe  
  50  4:33  Probe  
  50  4:37  Forge  
  51  4:38  Pylon  
  51  4:41  Probe x2  
  53  4:46  Observer  
  53  4:47  Protoss Ground Weapons Level 1  
  53  4:48  Assimilator  
  53  4:49  Stalker x2  
  54  4:53  Gateway, Probe x2  
  54  4:54  Gateway  
  54  5:00  Immortal  
  54  5:04  Probe  
  54  5:05  Probe  
  59  5:12  Stalker x2  
  64  5:15  Probe  
  64  5:20  Probe  
  66  5:22  Shield Battery  
  66  5:27  Probe  
  67  5:33  Probe  
  67  5:34  Immortal  
  68  5:37  Probe  
  68  5:41  Probe  
  74  5:43  Charge  
  74  5:46  Probe  
  74  5:47  Gateway  
  74  5:48  Gateway  
  75  5:51  Probe  
  75  5:56  Probe  
  77  6:01  Gateway  
  77  6:03  Gateway  
  77  6:05  Probe x2  
  80  6:11  Stalker  
  80  6:12  Warp Prism  
  80  6:14  Pylon  
  85  6:22  Stalker  
  85  6:24  Assimilator  
  85  6:29  Robotics Bay  
  88  6:33  Pylon  
  88  6:37  Stalker x2  
  92  6:41  Pylon  
  92  6:42  Pylon x2  
  92  6:44  Stalker x2  
  93  6:48  Immortal  
  93  6:51  Probe x3  
  100  7:07  Zealot x5  
  111  7:08  Zealot  
  112  7:17  Disruptor  
  112  7:19  Pylon  
  112  7:23  Nexus  
  116  7:32  Pylon  
  116  7:34  Stalker  
  116  7:35  Stalker x3  
  124  7:38  Pylon  
  124  7:47  Disruptor  
  118  7:58  Zealot x8  
  70  8:18  Zealot x8  
Tags
 
Add a new tag
Caveats
  • Supply blocks, unpowered buildings, or Contaminate may cause inaccurate times.
  • Supply counts are checked every 10 seconds.